Colorado Rockies vs San Jose Sharks
(R1)
Created - Monday, October 9, 2023 at 06:51
Goals
|
| Colorado Rockies |
0 |
2 |
2 |
4 |
| San Jose Sharks |
0 |
4 |
1 |
5 |
|
Shots
|
| Colorado Rockies |
10 |
7 |
14 |
31 |
| San Jose Sharks |
3 |
14 |
17 |
34 |
|
1st period
No Goal
Penalties :
No Penalty
2nd period
1. San Jose Sharks , Adam Henrique 12 (Ryan Hartman 16, Travis Boyd 3) at 2:35
2. San Jose Sharks , William Karlsson 11 (Ryan Strome 9) at 3:04
3. Colorado Rockies , David Pastrnak 13 (Ryan O'Reilly 23) at 6:19 (PP)
4. Colorado Rockies , Nikita Kucherov 15 (Jesper Bratt 15, Tim Stutzle 18) at 6:31
5. San Jose Sharks , Adam Henrique 13 (Ryan Hartman 17, Alex Iafallo 15) at 15:55 (PP)
6. San Jose Sharks , Alex Iafallo 12 (Ryan Hartman 18, Adam Henrique 13) at 17:05 (PP)
Penalties :
Jacob Middleton (SJS) for Hooking (Minor) at 5:41, Nikita Zadorov (SJS) for Hooking (Minor) at 6:55, David Pastrnak (COL) for High sticking (Double Minor) at 15:26
3rd period
7. Colorado Rockies , Jesper Bratt 15 (Nikita Kucherov 13, Tim Stutzle 19) at 0:10
8. San Jose Sharks , Ryan Hartman 8 (Adam Henrique 14, Alex Iafallo 16) at 3:40 (PP)
9. Colorado Rockies , Jesper Bratt 16 (David Pastrnak 21, Ryan O'Reilly 24) at 15:35 (PP)
Penalties :
David Pastrnak (COL) for Kneeing (Minor) at 0:19, Kyle Palmieri (COL) for Hooking (Minor) at 2:44, Nick Schmaltz (COL) for Elbowing (Minor) at 9:31, Joel Edmundson (SJS) for Interference (Minor) at 14:05
Goalie Stats
Ilya Samsonov (COL), 29 saves from 34 shots - (0.853), L, 8-5-0, 58:31 minutes
Martin Jones (SJS), 27 saves from 31 shots - (0.871), W, 13-10-7, 60:00 minutes
Players Stats for Colorado Rockies
Player Name G A P +/- PIM S H SB GA TA FO MP PP MP PK MP
------------------------------------------------------------------------------------
David Pastrnak 1 1 2 -1 6 2 0 0 1 1 0/0 15:50 2:10 0:00
Dylan Strome 0 0 0 -1 0 1 0 0 0 0 0/0 12:28 0:00 0:13
Evgeny Kuznetsov 0 0 0 -1 0 1 1 0 0 1 10/18 16:37 0:00 2:31
Jesper Bratt 2 1 3 2 0 2 2 1 0 1 0/0 17:06 2:10 0:15
Kevin Hayes 0 0 0 0 0 0 1 0 0 0 0/0 8:29 0:00 0:00
Kyle Connor 0 0 0 -1 0 5 3 0 1 0 0/0 16:53 1:57 0:00
Kyle Palmieri 0 0 0 0 2 2 1 2 1 0 0/0 8:46 0:00 0:00
Martin Fehervary 0 0 0 1 0 0 3 2 0 0 0/0 21:01 2:13 3:34
Nick Bonino 0 0 0 0 0 2 1 0 0 0 0/2 12:20 0:00 3:40
Nick Schmaltz 0 0 0 -1 2 3 0 0 0 1 0/0 12:34 0:00 0:00
Nikita Kucherov 1 1 2 2 0 4 0 1 2 1 0/2 17:35 1:57 0:00
Quinn Hughes 0 0 0 -1 0 0 0 1 0 1 0/0 23:29 1:54 2:59
Ryan O'Reilly 0 2 2 -1 0 0 1 1 0 0 11/21 17:14 2:10 3:38
Shea Theodore 0 0 0 0 0 1 0 1 2 0 0/0 14:54 2:13 0:00
Tim Stutzle 0 2 2 2 0 4 0 0 2 1 8/21 20:29 1:57 2:49
Timothy Liljegren 0 0 0 0 0 0 0 1 1 0 0/0 12:43 0:00 0:00
Victor Hedman 0 0 0 -1 0 3 4 1 0 1 0/0 24:41 1:54 2:59
Zachary Werenski 0 0 0 1 0 1 1 2 0 0 0/0 20:14 0:00 3:34
Players Stats for San Jose Sharks
Player Name G A P +/- PIM S H SB GA TA FO MP PP MP PK MP
------------------------------------------------------------------------------------
Adam Henrique 2 2 4 1 0 4 1 0 1 0 17/24 19:37 3:19 1:42
Alex Iafallo 1 2 3 1 0 2 0 0 0 0 2/3 20:12 3:19 2:20
Andreas Athanasiou 0 0 0 -1 0 2 1 1 1 1 1/1 14:28 0:00 0:00
Anthony Deangelo 0 0 0 0 0 6 0 0 1 1 0/0 20:36 3:44 0:36
Calle Rosen 0 0 0 0 0 0 0 0 1 0 0/0 16:51 0:00 2:22
Danton Heinen 0 0 0 0 0 1 2 0 0 0 1/1 9:24 0:00 0:05
Derek Forbort 0 0 0 0 0 1 1 1 1 2 0/0 23:01 2:49 2:04
Jacob Middleton 0 0 0 0 2 0 4 2 0 0 0/0 15:25 0:00 1:52
Joel Edmundson 0 0 0 0 2 1 2 1 0 1 0/0 20:00 3:44 0:16
Michael Bunting 0 0 0 0 0 1 0 0 0 0 0/0 9:15 0:00 0:00
Mike Hoffman 0 0 0 0 0 1 0 0 0 0 1/5 9:25 0:00 0:05
Nicholas Paul 0 0 0 -1 0 4 2 1 0 0 6/12 14:32 0:00 0:00
Nikita Zadorov 0 0 0 0 2 1 0 1 0 2 0/0 22:05 2:49 1:04
Oliver Bjorkstrand 0 0 0 0 0 0 2 0 2 0 1/3 15:04 3:14 0:00
Ryan Hartman 1 3 4 1 0 3 0 0 0 0 1/1 19:46 3:19 2:20
Ryan Strome 0 1 1 0 0 2 1 0 0 1 0/2 14:59 3:14 0:00
Travis Boyd 0 1 1 -1 0 1 0 0 1 0 0/2 14:29 0:00 0:00
William Karlsson 1 0 1 0 0 4 0 0 0 2 5/10 16:41 3:14 1:42
3 Stars
1 - Adam Henrique (SJS)
2 - Jesper Bratt (COL)
3 - Ryan Hartman (SJS)
Power Play
Colorado Rockies - 2 on 3 Attempt(s) - 66.67%
San Jose Sharks - 3 on 5 Attempt(s) - 60.00%
Penalty Kill
Colorado Rockies - 2 on 5 Attempt(s) - 40.00%
- Score 0 goal in Penalty Kill
San Jose Sharks - 1 on 3 Attempt(s) - 33.33%
- Score 0 goal in Penalty Kill
Team Stat
Colorado Rockies - Hits : 18 - Faceoff Wins : 29 - Blocked Shots : 13 - Penalty Minutes : 10
San Jose Sharks - Hits : 16 - Faceoff Wins : 35 - Blocked Shots : 7 - Penalty Minutes : 6
Official
Referees : Kendrick Nicholson and Rob Martell
Linesman : Andy McElman and Brad Lazarowich
Game Notes
No Game Note
Finance
Level 1 -- Attendance: 4640 (77.33%) -- Ticket Income $450,080
Level 2 -- Attendance: 4481 (89.62%) -- Ticket Income $255,417
Level 3 -- Attendance: 3000 (100.00%) -- Ticket Income $99,000
Level 4 -- Attendance: 4666 (93.32%) -- Ticket Income $102,652
Luxury Box -- Attendance: 940 (94.00%) -- Ticket Income $181,420
Game was played at the SAP Center at San Jose.
Total Attendance: 17727 (88.64%)
Total Ticket Income: $1,088,569
Other Income: $380,999
Total Income: $1,469,568
Colorado Rockies
5 vs 5 Forward
Center Left Wing Right Wing Time % Phy DF OF
1 Tim Stutzle Jesper Bratt Nikita Kucherov 33 1 2 2
2 Evgeny Kuznetsov Kyle Connor David Pastrnak 30 1 2 2
3 Ryan O'Reilly Dylan Strome Nick Schmaltz 25 1 2 2
4 Nick Bonino Kevin Hayes Kyle Palmieri 12 1 2 2
5 vs 5 Defense
Defense Defense Time % Phy DF OF
1 Victor Hedman Quinn Hughes 35 1 2 2
2 Zachary Werenski Martin Fehervary 33 1 2 2
3 Shea Theodore Timothy Liljegren 27 1 2 2
4 Victor Hedman Quinn Hughes 5 1 2 2
PowerPlay Forward
Center Left Wing Right Wing Time % Phy DF OF
1 Tim Stutzle Kyle Connor Nikita Kucherov 50 1 2 2
2 Ryan O'Reilly Jesper Bratt David Pastrnak 50 1 2 2
PowerPlay Defense
Defense Defense Time % Phy DF OF
1 Victor Hedman Quinn Hughes 50 1 2 2
2 Martin Fehervary Shea Theodore 50 1 2 2
Penalty Kill 4 Players Forward
Center Wing Time % Phy DF OF
1 Ryan O'Reilly Nick Bonino 50 1 2 2
2 Evgeny Kuznetsov Tim Stutzle 50 1 2 2
Penalty Kill 4 Players Defense
Defense Defense Time % Phy DF OF
1 Victor Hedman Quinn Hughes 50 1 2 2
2 Zachary Werenski Martin Fehervary 50 1 2 2
Penalty Kill - 3 Players Forward
Forward Time % Phy DF OF
1 Ryan O'Reilly 50 1 2 2
2 Nick Bonino 50 1 2 2
Penalty Kill - 3 Players Defense
Defense Defense Time % Phy DF OF
1 Victor Hedman Shea Theodore 50 1 2 2
2 Martin Fehervary Quinn Hughes 50 1 2 2
4 vs 4 Forward
Center Wing Time % Phy DF OF
1 Tim Stutzle Nikita Kucherov 50 1 2 2
2 Ryan O'Reilly David Pastrnak 50 1 2 2
4 vs 4 Defense
Defense Defense Time % Phy DF OF
1 Victor Hedman Zachary Werenski 50 1 2 2
2 Quinn Hughes Shea Theodore 50 1 2 2
Last Minutes Offensive
Center Left Wing Right Wing Defense Defense
Tim Stutzle Kyle Connor Nikita Kucherov Victor Hedman Zachary Werenski
Last Minutes Defensive
Center Left Wing Right Wing Defense Defense
Tim Stutzle Kyle Connor Nikita Kucherov Victor Hedman Zachary Werenski
Goaltenders
Starting : Ilya Samsonov
Backup : Andrei Vasilevskiy
Extra Forwards
Normal : Nick Bonino, Ryan O'Reilly, Evgeny Kuznetsov - PP : Nick Bonino, Ryan O'Reilly - PK : Evgeny Kuznetsov
Extra Defensemen
Normal : Shea Theodore, Martin Fehervary, Quinn Hughes - PP : Shea Theodore - PK : Martin Fehervary, Quinn Hughes
Penalty Shots
Tim Stutzle, Nikita Kucherov, David Pastrnak, Kyle Connor, Jesper Bratt
San Jose Sharks
5 vs 5 Forward
Center Left Wing Right Wing Time % Phy DF OF
1 Adam Henrique Alex Iafallo Ryan Hartman 30 1 2 2
2 William Karlsson Oliver Bjorkstrand Ryan Strome 30 1 2 2
3 Nicholas Paul Andreas Athanasiou Travis Boyd 25 1 2 2
4 Mike Hoffman Michael Bunting Danton Heinen 15 1 2 2
5 vs 5 Defense
Defense Defense Time % Phy DF OF
1 Derek Forbort Nikita Zadorov 35 1 2 2
2 Joel Edmundson Anthony Deangelo 35 1 2 2
3 Jacob Middleton Calle Rosen 30 1 2 2
4 Derek Forbort Joel Edmundson 0 1 2 2
PowerPlay Forward
Center Left Wing Right Wing Time % Phy DF OF
1 Adam Henrique Alex Iafallo Ryan Hartman 50 1 2 2
2 William Karlsson Oliver Bjorkstrand Ryan Strome 50 1 2 2
PowerPlay Defense
Defense Defense Time % Phy DF OF
1 Derek Forbort Nikita Zadorov 50 1 2 2
2 Joel Edmundson Anthony Deangelo 50 1 2 2
Penalty Kill 4 Players Forward
Center Wing Time % Phy DF OF
1 Adam Henrique William Karlsson 50 1 2 2
2 Alex Iafallo Ryan Hartman 50 1 2 2
Penalty Kill 4 Players Defense
Defense Defense Time % Phy DF OF
1 Derek Forbort Nikita Zadorov 50 1 2 2
2 Jacob Middleton Calle Rosen 50 1 2 2
Penalty Kill - 3 Players Forward
Forward Time % Phy DF OF
1 Adam Henrique 50 1 2 2
2 William Karlsson 50 1 2 2
Penalty Kill - 3 Players Defense
Defense Defense Time % Phy DF OF
1 Derek Forbort Jacob Middleton 50 1 2 2
2 Nikita Zadorov Anthony Deangelo 50 1 2 2
4 vs 4 Forward
Center Wing Time % Phy DF OF
1 Adam Henrique William Karlsson 50 1 2 2
2 Alex Iafallo Ryan Hartman 50 1 2 2
4 vs 4 Defense
Defense Defense Time % Phy DF OF
1 Nikita Zadorov Derek Forbort 50 1 2 2
2 Joel Edmundson Jacob Middleton 50 1 2 2
Last Minutes Offensive
Center Left Wing Right Wing Defense Defense
Adam Henrique Alex Iafallo Ryan Hartman Derek Forbort Nikita Zadorov
Last Minutes Defensive
Center Left Wing Right Wing Defense Defense
Adam Henrique Alex Iafallo Ryan Hartman Derek Forbort Nikita Zadorov
Goaltenders
Starting : Martin Jones
Backup : James Reimer
Extra Forwards
Normal : Michael Bunting, Andreas Athanasiou, Mike Hoffman - PP : Michael Bunting, Andreas Athanasiou - PK : Mike Hoffman
Extra Defensemen
Normal : Nikita Zadorov, Jacob Middleton, Derek Forbort - PP : Nikita Zadorov - PK : Jacob Middleton, Derek Forbort
Penalty Shots
Adam Henrique, William Karlsson, Alex Iafallo, Ryan Hartman, Ryan Strome
% Time on Ice - Colorado Rockies
Lines # - Real PCT - Wanted PCT - Time Play
Normal Forward
1 - 29% - 33% - 14:10
2 - 30% - 30% - 14:38
3 - 25% - 25% - 11:53
4 - 15% - 12% - 7:25
Normal Defense
1 - 37% - 35% - 17:34
2 - 34% - 33% - 16:23
3 - 26% - 27% - 12:40
4 - 3% - 5% - 1:29
PP Forward
1 - 47% - 50% - 1:57
2 - 53% - 50% - 2:10
PP Defense
1 - 46% - 50% - 1:54
2 - 54% - 50% - 2:13
PK Forward
1 - 55% - 50% - 3:38
2 - 45% - 50% - 2:55
PK Defense
1 - 46% - 50% - 2:59
2 - 54% - 50% - 3:34
PK3 Forward
1 - 0% - 50%
2 - 0% - 50%
PK3 Defense
1 - 0% - 50%
2 - 0% - 50%
44 Forward
1 - 0% - 50%
2 - 0% - 50%
44 Defense
1 - 0% - 50%
2 - 0% - 50%
Last Minute Offensive - 1:14
Last Minute Defensive - 0:00
Total
Forward - 60:00
Defense - 60:00
|
% Time on Ice - San Jose Sharks
Lines # - Real PCT - Wanted PCT - Time Play
Normal Forward
1 - 28% - 30% - 13:21
2 - 27% - 30% - 12:58
3 - 29% - 25% - 13:48
4 - 17% - 15% - 7:59
Normal Defense
1 - 35% - 35% - 16:41
2 - 34% - 35% - 16:26
3 - 28% - 30% - 13:35
4 - 3% - 0% - 1:24
PP Forward
1 - 51% - 50% - 3:19
2 - 49% - 50% - 3:14
PP Defense
1 - 43% - 50% - 2:49
2 - 57% - 50% - 3:44
PK Forward
1 - 43% - 50% - 1:47
2 - 57% - 50% - 2:20
PK Defense
1 - 63% - 50% - 2:36
2 - 37% - 50% - 1:31
PK3 Forward
1 - 0% - 50%
2 - 0% - 50%
PK3 Defense
1 - 0% - 50%
2 - 0% - 50%
44 Forward
1 - 0% - 50%
2 - 0% - 50%
44 Defense
1 - 0% - 50%
2 - 0% - 50%
Last Minute Offensive - 0:00
Last Minute Defensive - 1:14
Total
Forward - 60:00
Defense - 60:00
|
Play-by-Play
1st period
0:01 of 1st period - Tim Stutzle wins face-off versus Adam Henrique in neutral zone.
0:03 of 1st period - Off-side.
0:04 of 1st period - Adam Henrique wins face-off versus Tim Stutzle in neutral zone.
0:15 of 1st period - Snap shot by Ryan Hartman.
0:15 of 1st period - Shot Misses the Net.
0:17 of 1st period - Snap shot by Adam Henrique.
0:17 of 1st period - Stopped by Ilya Samsonov without a rebound.
0:18 of 1st period - William Karlsson wins face-off versus Evgeny Kuznetsov in Colorado Rockies zone.
1:37 of 1st period - Wrist shot by Kyle Palmieri.
1:37 of 1st period - Stopped by Martin Jones with a rebound.
1:39 of 1st period - Slapshot by Nick Bonino.
1:39 of 1st period - Stopped by Martin Jones with a rebound.
1:41 of 1st period - Slapshot by Nick Bonino.
1:41 of 1st period - Stopped by Martin Jones with a rebound.
1:51 of 1st period - Evgeny Kuznetsov is hit by Jacob Middleton.
1:55 of 1st period - Wrist shot by Kyle Connor.
1:55 of 1st period - Stopped by Martin Jones with a rebound.
1:57 of 1st period - Snap shot by Kyle Connor.
1:57 of 1st period - Stopped by Martin Jones with a rebound.
1:59 of 1st period - Snap shot by David Pastrnak.
1:59 of 1st period - Shot Misses the Net.
2:01 of 1st period - Wrist shot by David Pastrnak.
2:01 of 1st period - Deflect By Kyle Connor.
2:01 of 1st period - Shot Blocked by Jacob Middleton.
2:01 of 1st period - Puck is out of play.
2:02 of 1st period - Nicholas Paul wins face-off versus Ryan O'Reilly in San Jose Sharks zone.
2:10 of 1st period - Off-side.
2:11 of 1st period - Ryan O'Reilly wins face-off versus Nicholas Paul in neutral zone.
2:24 of 1st period - Slapshot by Nicholas Paul.
2:24 of 1st period - Shot Blocked by Ryan O'Reilly.
2:26 of 1st period - Slapshot by Nikita Zadorov.
2:26 of 1st period - Stopped by Ilya Samsonov without a rebound.
2:27 of 1st period - Tim Stutzle wins face-off versus Adam Henrique in Colorado Rockies zone.
2:34 of 1st period - Snap shot by Nikita Kucherov.
2:34 of 1st period - Stopped by Martin Jones with a rebound.
2:36 of 1st period - Snap shot by Victor Hedman.
2:36 of 1st period - Deflect By Derek Forbort.
2:36 of 1st period - Stopped by Martin Jones without a rebound.
2:37 of 1st period - Adam Henrique wins face-off versus Tim Stutzle in San Jose Sharks zone.
3:04 of 1st period - Wrist shot by Tim Stutzle.
3:04 of 1st period - Stopped by Martin Jones with a rebound.
3:22 of 1st period - Snap shot by Adam Henrique.
3:22 of 1st period - Stopped by Ilya Samsonov with a rebound.
4:01 of 1st period - Slapshot by Tim Stutzle.
4:01 of 1st period - Shot Misses the Net.
5:53 of 1st period - Slapshot by Tim Stutzle.
5:53 of 1st period - Stopped by Martin Jones with a rebound.
6:16 of 1st period - Snap shot by Tim Stutzle.
6:16 of 1st period - Stopped by Martin Jones with a rebound.
6:52 of 1st period - Quinn Hughes is hit by Derek Forbort and loses puck.
7:08 of 1st period - Icing by Tim Stutzle.
7:09 of 1st period - Oliver Bjorkstrand wins face-off versus Tim Stutzle in Colorado Rockies zone.
8:47 of 1st period - David Pastrnak is hit by Jacob Middleton and loses puck.
9:34 of 1st period - Ryan Strome is hit by Kyle Palmieri and loses puck.
10:14 of 1st period - Martin Fehervary is hit by Oliver Bjorkstrand and loses puck.
10:25 of 1st period - Travis Boyd is hit by Zachary Werenski and loses puck.
11:29 of 1st period - Icing by Kyle Connor.
11:30 of 1st period - Evgeny Kuznetsov wins face-off versus Ryan Strome in Colorado Rockies zone.
11:48 of 1st period - Mike Hoffman is hit by Kyle Connor and loses puck.
12:01 of 1st period - Travis Boyd is hit by Nick Bonino and loses puck.
12:20 of 1st period - Ryan Strome is hit by Martin Fehervary.
13:49 of 1st period - David Pastrnak is hit by Joel Edmundson.
16:48 of 1st period - Nick Bonino is hit by Jacob Middleton and loses puck.
18:47 of 1st period - Danton Heinen is hit by Kevin Hayes.
Goals for this period are 0 for Colorado Rockies vs 0 for San Jose Sharks.
Shots for this period are 10 for Colorado Rockies vs 3 for San Jose Sharks.
2nd period
0:01 of 2nd period - Evgeny Kuznetsov wins face-off versus Travis Boyd in neutral zone.
0:04 of 2nd period - Snap shot by Kyle Connor.
0:04 of 2nd period - Stopped by Martin Jones with a rebound.
0:12 of 2nd period - Martin Fehervary is hit by Nicholas Paul and loses puck.
0:25 of 2nd period - David Pastrnak is hit by Oliver Bjorkstrand.
0:46 of 2nd period - Ryan Strome is hit by Kyle Connor and loses puck.
1:01 of 2nd period - Snap shot by David Pastrnak.
1:01 of 2nd period - Deflect By Kyle Connor.
1:01 of 2nd period - Stopped by Martin Jones without a rebound.
1:02 of 2nd period - Nicholas Paul wins face-off versus Tim Stutzle in San Jose Sharks zone.
1:35 of 2nd period - Off-side.
1:36 of 2nd period - Danton Heinen wins face-off versus Nick Bonino in neutral zone.
1:39 of 2nd period - Slapshot by Mike Hoffman.
1:39 of 2nd period - Deflect By Timothy Liljegren.
1:39 of 2nd period - Stopped by Ilya Samsonov without a rebound.
1:40 of 2nd period - Ryan O'Reilly wins face-off versus Mike Hoffman in Colorado Rockies zone.
2:07 of 2nd period - Wrist shot by Nick Schmaltz.
2:07 of 2nd period - Shot Misses the Net.
2:35 of 2nd period - Wrist shot by Adam Henrique.
2:35 of 2nd period - Goal by Adam Henrique - Colorado Rockies : 0 - San Jose Sharks : 1.
2:36 of 2nd period - Ryan O'Reilly wins face-off versus Nicholas Paul in neutral zone.
2:41 of 2nd period - Wrist shot by Nick Schmaltz.
2:41 of 2nd period - Shot Misses the Net.
2:58 of 2nd period - Icing by Victor Hedman.
2:59 of 2nd period - William Karlsson wins face-off versus Ryan O'Reilly in Colorado Rockies zone.
3:04 of 2nd period - Snap shot by William Karlsson.
3:04 of 2nd period - Goal by William Karlsson - Colorado Rockies : 0 - San Jose Sharks : 2.
3:05 of 2nd period - Adam Henrique wins face-off versus Tim Stutzle in neutral zone.
3:10 of 2nd period - Snap shot by Ryan Hartman.
3:10 of 2nd period - Shot Misses the Net.
3:16 of 2nd period - Snap shot by Tim Stutzle.
3:16 of 2nd period - Deflect By Nikita Kucherov.
3:16 of 2nd period - Shot Misses the Net.
3:16 of 2nd period - Puck is out of play.
3:17 of 2nd period - William Karlsson wins face-off versus Tim Stutzle in San Jose Sharks zone.
3:44 of 2nd period - Danton Heinen is hit by Evgeny Kuznetsov and loses puck.
3:56 of 2nd period - Off-side.
3:57 of 2nd period - Ryan O'Reilly wins face-off versus Adam Henrique in neutral zone.
4:30 of 2nd period - Snap shot by Nicholas Paul.
4:30 of 2nd period - Stopped by Ilya Samsonov with a rebound.
5:14 of 2nd period - Snap shot by Oliver Bjorkstrand.
5:14 of 2nd period - Shot Blocked by Shea Theodore.
5:16 of 2nd period - Slapshot by William Karlsson.
5:16 of 2nd period - Shot Blocked by Timothy Liljegren.
5:41 of 2nd period - Minor Penalty to Jacob Middleton for Hooking.
5:42 of 2nd period - Adam Henrique wins face-off versus Tim Stutzle in San Jose Sharks zone.
6:13 of 2nd period - Backhand shot by Jesper Bratt.
6:13 of 2nd period - Shot Misses the Net.
6:15 of 2nd period - Slapshot by Shea Theodore.
6:15 of 2nd period - Deflect By David Pastrnak.
6:15 of 2nd period - Shot Misses the Net.
6:15 of 2nd period - Puck is out of play.
6:16 of 2nd period - Ryan O'Reilly wins face-off versus Adam Henrique in San Jose Sharks zone.
6:19 of 2nd period - Snap shot by David Pastrnak.
6:19 of 2nd period - Goal by David Pastrnak - Colorado Rockies : 1 - San Jose Sharks : 2.
6:20 of 2nd period - Nicholas Paul wins face-off versus Tim Stutzle in neutral zone.
6:29 of 2nd period - Snap shot by Nikita Kucherov.
6:29 of 2nd period - Shot Misses the Net.
6:31 of 2nd period - Snap shot by Nikita Kucherov.
6:31 of 2nd period - Goal by Nikita Kucherov - Colorado Rockies : 2 - San Jose Sharks : 2.
6:32 of 2nd period - Evgeny Kuznetsov wins face-off versus William Karlsson in neutral zone.
6:35 of 2nd period - Snap shot by Quinn Hughes.
6:35 of 2nd period - Shot Blocked by Nikita Zadorov.
6:55 of 2nd period - Minor Penalty to Nikita Zadorov for Hooking.
6:56 of 2nd period - Adam Henrique wins face-off versus Ryan O'Reilly in San Jose Sharks zone.
7:34 of 2nd period - Tim Stutzle is hit by Adam Henrique.
8:55 of 2nd period - Penalty to Nikita Zadorov is over, Nikita Zadorov is back on ice.
9:26 of 2nd period - Snap shot by Danton Heinen.
9:26 of 2nd period - Stopped by Ilya Samsonov without a rebound.
9:27 of 2nd period - Evgeny Kuznetsov wins face-off versus Mike Hoffman in Colorado Rockies zone.
9:45 of 2nd period - Evgeny Kuznetsov is hit by Danton Heinen and loses puck.
10:00 of 2nd period - Slapshot by Zachary Werenski.
10:00 of 2nd period - Stopped by Martin Jones with a rebound.
10:02 of 2nd period - Snap shot by Kevin Hayes.
10:02 of 2nd period - Shot Hit the Post.
10:04 of 2nd period - Slapshot by Kyle Palmieri.
10:04 of 2nd period - Stopped by Martin Jones without a rebound.
10:05 of 2nd period - Adam Henrique wins face-off versus Tim Stutzle in San Jose Sharks zone.
10:05 of 2nd period - Adam Henrique is hit by Jesper Bratt.
10:37 of 2nd period - Snap shot by William Karlsson.
10:37 of 2nd period - Stopped by Ilya Samsonov without a rebound.
10:38 of 2nd period - Evgeny Kuznetsov wins face-off versus William Karlsson in Colorado Rockies zone.
10:54 of 2nd period - Snap shot by William Karlsson.
10:54 of 2nd period - Deflect By Kyle Connor.
10:54 of 2nd period - Shot Misses the Net.
10:54 of 2nd period - Puck is out of play.
10:55 of 2nd period - Tim Stutzle wins face-off versus Adam Henrique in Colorado Rockies zone.
11:20 of 2nd period - Zachary Werenski is hit by Joel Edmundson and loses puck.
11:29 of 2nd period - Snap shot by Travis Boyd.
11:29 of 2nd period - Shot Misses the Net.
11:43 of 2nd period - Calle Rosen is hit by Victor Hedman.
11:47 of 2nd period - Calle Rosen is hit by Victor Hedman and loses puck.
12:04 of 2nd period - Mike Hoffman is hit by Jesper Bratt and loses puck.
12:11 of 2nd period - Wrist shot by Nikita Kucherov.
12:11 of 2nd period - Shot Misses the Net.
12:38 of 2nd period - Ryan Hartman is hit by Martin Fehervary and loses puck.
13:01 of 2nd period - Nicholas Paul is hit by Victor Hedman and loses puck.
13:20 of 2nd period - Snap shot by Dylan Strome.
13:20 of 2nd period - Shot Misses the Net.
13:33 of 2nd period - Off-side.
13:34 of 2nd period - Tim Stutzle wins face-off versus Mike Hoffman in neutral zone.
14:04 of 2nd period - Slapshot by Kyle Connor.
14:04 of 2nd period - Stopped by Martin Jones with a rebound.
14:26 of 2nd period - Kevin Hayes is hit by Nicholas Paul and loses puck.
14:33 of 2nd period - Snap shot by Andreas Athanasiou.
14:33 of 2nd period - Shot Misses the Net.
14:55 of 2nd period - Slapshot by Nick Schmaltz.
14:55 of 2nd period - Shot Misses the Net.
15:26 of 2nd period - Double Minor Penalty to David Pastrnak for High sticking.
15:27 of 2nd period - Adam Henrique wins face-off versus Ryan O'Reilly in Colorado Rockies zone.
15:35 of 2nd period - Snap shot by Ryan Hartman.
15:35 of 2nd period - Stopped by Ilya Samsonov without a rebound.
15:36 of 2nd period - Adam Henrique wins face-off versus Ryan O'Reilly in Colorado Rockies zone.
15:51 of 2nd period - Slapshot by Ryan Hartman.
15:51 of 2nd period - Shot Misses the Net.
15:53 of 2nd period - Slapshot by Ryan Hartman.
15:53 of 2nd period - Shot Misses the Net.
15:55 of 2nd period - Snap shot by Adam Henrique.
15:55 of 2nd period - Goal by Adam Henrique - Colorado Rockies : 2 - San Jose Sharks : 3.
15:56 of 2nd period - Tim Stutzle wins face-off versus Ryan Strome in neutral zone.
16:52 of 2nd period - Snap shot by Adam Henrique.
16:52 of 2nd period - Shot Misses the Net.
17:03 of 2nd period - Wrist shot by Alex Iafallo.
17:03 of 2nd period - Shot Misses the Net.
17:05 of 2nd period - Wrist shot by Alex Iafallo.
17:05 of 2nd period - Goal by Alex Iafallo - Colorado Rockies : 2 - San Jose Sharks : 4.
17:06 of 2nd period - Andreas Athanasiou wins face-off versus Evgeny Kuznetsov in neutral zone.
18:05 of 2nd period - Slapshot by Nikita Zadorov.
18:05 of 2nd period - Shot Blocked by Zachary Werenski.
18:25 of 2nd period - Wrist shot by Ryan Strome.
18:25 of 2nd period - Shot Blocked by Kyle Palmieri.
18:27 of 2nd period - Slapshot by Derek Forbort.
18:27 of 2nd period - Stopped by Ilya Samsonov with a rebound.
18:29 of 2nd period - Slapshot by Ryan Strome.
18:29 of 2nd period - Shot Blocked by Martin Fehervary.
18:33 of 2nd period - Wrist shot by William Karlsson.
18:33 of 2nd period - Stopped by Ilya Samsonov without a rebound.
18:34 of 2nd period - Adam Henrique wins face-off versus Evgeny Kuznetsov in Colorado Rockies zone.
18:42 of 2nd period - Wrist shot by Alex Iafallo.
18:42 of 2nd period - Shot Misses the Net.
18:44 of 2nd period - Slapshot by Anthony Deangelo.
18:44 of 2nd period - Shot Misses the Net.
18:46 of 2nd period - Slapshot by Anthony Deangelo.
18:46 of 2nd period - Deflect By Kyle Connor.
18:46 of 2nd period - Stopped by Ilya Samsonov without a rebound.
18:47 of 2nd period - Adam Henrique wins face-off versus Nikita Kucherov in Colorado Rockies zone.
18:54 of 2nd period - Snap shot by Alex Iafallo.
18:54 of 2nd period - Deflect By Ryan Hartman.
18:54 of 2nd period - Stopped by Ilya Samsonov without a rebound.
18:55 of 2nd period - Adam Henrique wins face-off versus Tim Stutzle in Colorado Rockies zone.
18:58 of 2nd period - Snap shot by Alex Iafallo.
18:58 of 2nd period - Shot Misses the Net.
19:00 of 2nd period - Snap shot by Ryan Hartman.
19:00 of 2nd period - Shot Blocked by Nikita Kucherov.
19:02 of 2nd period - Wrist shot by Anthony Deangelo.
19:02 of 2nd period - Deflect By Tim Stutzle.
19:02 of 2nd period - Stopped by Ilya Samsonov without a rebound.
19:03 of 2nd period - William Karlsson wins face-off versus Evgeny Kuznetsov in Colorado Rockies zone.
19:07 of 2nd period - Icing by Timothy Liljegren.
19:08 of 2nd period - Evgeny Kuznetsov wins face-off versus William Karlsson in Colorado Rockies zone.
Goals for this period are 2 for Colorado Rockies vs 4 for San Jose Sharks.
Shots for this period are 7 for Colorado Rockies vs 14 for San Jose Sharks.
3rd period
0:01 of 3rd period - Tim Stutzle wins face-off versus Oliver Bjorkstrand in neutral zone.
0:10 of 3rd period - Wrist shot by Jesper Bratt.
0:10 of 3rd period - Goal by Jesper Bratt - Colorado Rockies : 3 - San Jose Sharks : 4.
0:11 of 3rd period - Adam Henrique wins face-off versus Evgeny Kuznetsov in neutral zone.
0:19 of 3rd period - Minor Penalty to David Pastrnak for Kneeing.
0:20 of 3rd period - Evgeny Kuznetsov wins face-off versus William Karlsson in Colorado Rockies zone.
0:20 of 3rd period - Evgeny Kuznetsov is hit by Ryan Strome.
0:36 of 3rd period - Wrist shot by William Karlsson.
0:36 of 3rd period - Stopped by Ilya Samsonov without a rebound.
0:37 of 3rd period - Alex Iafallo wins face-off versus Evgeny Kuznetsov in Colorado Rockies zone.
1:15 of 3rd period - Wrist shot by Oliver Bjorkstrand.
1:15 of 3rd period - Shot Blocked by Martin Fehervary.
2:19 of 3rd period - Penalty to David Pastrnak is over, David Pastrnak is back on ice.
2:36 of 3rd period - Off-side.
2:37 of 3rd period - Mike Hoffman wins face-off versus Nick Bonino in neutral zone.
2:42 of 3rd period - Snap shot by Danton Heinen.
2:42 of 3rd period - Shot Misses the Net.
2:44 of 3rd period - Minor Penalty to Kyle Palmieri for Hooking.
2:45 of 3rd period - Evgeny Kuznetsov wins face-off versus William Karlsson in Colorado Rockies zone.
2:55 of 3rd period - Icing by Anthony Deangelo.
2:56 of 3rd period - Ryan O'Reilly wins face-off versus Oliver Bjorkstrand in San Jose Sharks zone.
3:26 of 3rd period - Snap shot by Ryan Strome.
3:26 of 3rd period - Stopped by Ilya Samsonov with a rebound.
3:28 of 3rd period - Wrist shot by Ryan Strome.
3:28 of 3rd period - Stopped by Ilya Samsonov with a rebound.
3:30 of 3rd period - Snap shot by Oliver Bjorkstrand.
3:30 of 3rd period - Shot Misses the Net.
3:32 of 3rd period - Snap shot by Ryan Strome.
3:32 of 3rd period - Shot Misses the Net.
3:34 of 3rd period - Wrist shot by Anthony Deangelo.
3:34 of 3rd period - Stopped by Ilya Samsonov without a rebound.
3:35 of 3rd period - Adam Henrique wins face-off versus Ryan O'Reilly in Colorado Rockies zone.
3:38 of 3rd period - Snap shot by Adam Henrique.
3:38 of 3rd period - Shot Misses the Net.
3:40 of 3rd period - Wrist shot by Ryan Hartman.
3:40 of 3rd period - Goal by Ryan Hartman - Colorado Rockies : 3 - San Jose Sharks : 5.
3:41 of 3rd period - Ryan Hartman wins face-off versus Tim Stutzle in neutral zone.
4:06 of 3rd period - Joel Edmundson is hit by Martin Fehervary and loses puck.
4:15 of 3rd period - Snap shot by Anthony Deangelo.
4:15 of 3rd period - Stopped by Ilya Samsonov with a rebound.
4:25 of 3rd period - Ryan Strome is hit by Kyle Connor and loses puck.
4:30 of 3rd period - Snap shot by Kyle Connor.
4:30 of 3rd period - Shot Misses the Net.
4:32 of 3rd period - Slapshot by Zachary Werenski.
4:32 of 3rd period - Shot Blocked by Joel Edmundson.
4:34 of 3rd period - Wrist shot by David Pastrnak.
4:34 of 3rd period - Stopped by Martin Jones with a rebound.
4:36 of 3rd period - Slapshot by Evgeny Kuznetsov.
4:36 of 3rd period - Stopped by Martin Jones with a rebound.
4:38 of 3rd period - Slapshot by David Pastrnak.
4:38 of 3rd period - Deflect By Oliver Bjorkstrand.
4:38 of 3rd period - Shot Misses the Net.
4:38 of 3rd period - Puck is out of play.
4:39 of 3rd period - Tim Stutzle wins face-off versus Adam Henrique in San Jose Sharks zone.
5:11 of 3rd period - Snap shot by Travis Boyd.
5:11 of 3rd period - Shot Blocked by Quinn Hughes.
5:13 of 3rd period - Snap shot by Nicholas Paul.
5:13 of 3rd period - Stopped by Ilya Samsonov with a rebound.
5:30 of 3rd period - Quinn Hughes is hit by Danton Heinen and loses puck.
5:53 of 3rd period - Evgeny Kuznetsov is hit by Jacob Middleton and loses puck.
6:27 of 3rd period - Snap shot by Andreas Athanasiou.
6:27 of 3rd period - Shot Misses the Net.
6:29 of 3rd period - Wrist shot by Nicholas Paul.
6:29 of 3rd period - Shot Misses the Net.
6:31 of 3rd period - Backhand shot by Travis Boyd.
6:31 of 3rd period - Shot Misses the Net.
6:33 of 3rd period - Snap shot by Andreas Athanasiou.
6:33 of 3rd period - Shot Blocked by Zachary Werenski.
6:35 of 3rd period - Snap shot by Nicholas Paul.
6:35 of 3rd period - Shot Misses the Net.
6:37 of 3rd period - Snap shot by Joel Edmundson.
6:37 of 3rd period - Stopped by Ilya Samsonov with a rebound.
7:32 of 3rd period - Slapshot by Nikita Kucherov.
7:32 of 3rd period - Stopped by Martin Jones with a rebound.
7:34 of 3rd period - Wrist shot by Tim Stutzle.
7:34 of 3rd period - Stopped by Martin Jones without a rebound.
7:35 of 3rd period - Nicholas Paul wins face-off versus Evgeny Kuznetsov in San Jose Sharks zone.
7:41 of 3rd period - Off-side.
7:42 of 3rd period - Evgeny Kuznetsov wins face-off versus Travis Boyd in neutral zone.
8:15 of 3rd period - Wrist shot by David Pastrnak.
8:15 of 3rd period - Shot Blocked by Andreas Athanasiou.
8:17 of 3rd period - Snap shot by David Pastrnak.
8:17 of 3rd period - Shot Blocked by Nicholas Paul.
8:27 of 3rd period - Slapshot by Nikita Zadorov.
8:27 of 3rd period - Deflect By Nicholas Paul.
8:27 of 3rd period - Stopped by Ilya Samsonov with a rebound.
8:37 of 3rd period - Slapshot by Andreas Athanasiou.
8:37 of 3rd period - Stopped by Ilya Samsonov with a rebound.
8:47 of 3rd period - Snap shot by David Pastrnak.
8:47 of 3rd period - Shot Misses the Net.
9:02 of 3rd period - Off-side.
9:03 of 3rd period - Tim Stutzle wins face-off versus Alex Iafallo in neutral zone.
9:12 of 3rd period - Snap shot by Nikita Kucherov.
9:12 of 3rd period - Stopped by Martin Jones with a rebound.
9:18 of 3rd period - Snap shot by Nikita Kucherov.
9:18 of 3rd period - Shot Misses the Net.
9:20 of 3rd period - Slapshot by Shea Theodore.
9:20 of 3rd period - Stopped by Martin Jones with a rebound.
9:31 of 3rd period - Minor Penalty to Nick Schmaltz for Elbowing.
9:32 of 3rd period - William Karlsson wins face-off versus Ryan O'Reilly in Colorado Rockies zone.
11:31 of 3rd period - Penalty to Nick Schmaltz is over, Nick Schmaltz is back on ice.
11:54 of 3rd period - Slapshot by Jesper Bratt.
11:54 of 3rd period - Deflect By Nick Schmaltz.
11:54 of 3rd period - Stopped by Martin Jones without a rebound.
11:55 of 3rd period - Evgeny Kuznetsov wins face-off versus Mike Hoffman in San Jose Sharks zone.
12:21 of 3rd period - Ryan O'Reilly is hit by Andreas Athanasiou and loses puck.
12:42 of 3rd period - Slapshot by Ryan Hartman.
12:42 of 3rd period - Shot Misses the Net.
12:44 of 3rd period - Snap shot by Oliver Bjorkstrand.
12:44 of 3rd period - Shot Blocked by Kyle Palmieri.
13:38 of 3rd period - Wrist shot by David Pastrnak.
13:38 of 3rd period - Shot Misses the Net.
14:03 of 3rd period - Snap shot by Kyle Palmieri.
14:03 of 3rd period - Shot Misses the Net.
14:05 of 3rd period - Minor Penalty to Joel Edmundson for Interference.
14:06 of 3rd period - Adam Henrique wins face-off versus Tim Stutzle in San Jose Sharks zone.
14:38 of 3rd period - Off-side.
14:39 of 3rd period - Adam Henrique wins face-off versus Ryan O'Reilly in neutral zone.
14:42 of 3rd period - Wrist shot by Nikita Zadorov.
14:42 of 3rd period - Shot Blocked by Jesper Bratt.
14:44 of 3rd period - Wrist shot by Adam Henrique.
14:44 of 3rd period - Shot Misses the Net.
14:54 of 3rd period - Snap shot by Ryan O'Reilly.
14:54 of 3rd period - Shot Misses the Net.
15:13 of 3rd period - Snap shot by Ryan Hartman.
15:13 of 3rd period - Deflect By Alex Iafallo.
15:13 of 3rd period - Stopped by Ilya Samsonov without a rebound.
15:14 of 3rd period - Alex Iafallo wins face-off versus Nikita Kucherov in Colorado Rockies zone.
15:31 of 3rd period - Slapshot by Victor Hedman.
15:31 of 3rd period - Stopped by Martin Jones without a rebound.
15:32 of 3rd period - Ryan O'Reilly wins face-off versus Adam Henrique in San Jose Sharks zone.
15:35 of 3rd period - Snap shot by David Pastrnak.
15:35 of 3rd period - Deflect By Jesper Bratt.
15:35 of 3rd period - Goal by Jesper Bratt - Colorado Rockies : 4 - San Jose Sharks : 5.
15:36 of 3rd period - Ryan O'Reilly wins face-off versus Nicholas Paul in neutral zone.
16:13 of 3rd period - Slapshot by Mike Hoffman.
16:13 of 3rd period - Shot Misses the Net.
16:15 of 3rd period - Wrist shot by Michael Bunting.
16:15 of 3rd period - Stopped by Ilya Samsonov without a rebound.
16:16 of 3rd period - Adam Henrique wins face-off versus Evgeny Kuznetsov in Colorado Rockies zone.
16:51 of 3rd period - Nicholas Paul is hit by Ryan O'Reilly and loses puck.
17:54 of 3rd period - Snap shot by William Karlsson.
17:54 of 3rd period - Shot Misses the Net.
17:56 of 3rd period - Slapshot by Anthony Deangelo.
17:56 of 3rd period - Stopped by Ilya Samsonov without a rebound.
17:57 of 3rd period - Ryan O'Reilly wins face-off versus Nicholas Paul in Colorado Rockies zone.
18:03 of 3rd period - Wrist shot by Nicholas Paul.
18:03 of 3rd period - Stopped by Ilya Samsonov without a rebound.
18:04 of 3rd period - Nicholas Paul wins face-off versus Ryan O'Reilly in Colorado Rockies zone.
18:05 of 3rd period - Wrist shot by Andreas Athanasiou.
18:05 of 3rd period - Stopped by Ilya Samsonov without a rebound.
18:06 of 3rd period - Nicholas Paul wins face-off versus Ryan O'Reilly in Colorado Rockies zone.
18:11 of 3rd period - Slapshot by Travis Boyd.
18:11 of 3rd period - Shot Misses the Net.
18:13 of 3rd period - Slapshot by Joel Edmundson.
18:13 of 3rd period - Shot Blocked by Victor Hedman.
18:15 of 3rd period - Slapshot by Anthony Deangelo.
18:15 of 3rd period - Stopped by Ilya Samsonov with a rebound.
18:17 of 3rd period - Backhand shot by Travis Boyd.
18:17 of 3rd period - Stopped by Ilya Samsonov without a rebound.
18:18 of 3rd period - Ryan O'Reilly wins face-off versus Nicholas Paul in Colorado Rockies zone.
18:27 of 3rd period - Wrist shot by Dylan Strome.
18:27 of 3rd period - Shot Blocked by Jacob Middleton.
18:29 of 3rd period - Slapshot by Victor Hedman.
18:29 of 3rd period - Stopped by Martin Jones without a rebound.
18:30 of 3rd period - Ryan O'Reilly wins face-off versus Nicholas Paul in San Jose Sharks zone.
18:31 of 3rd period - Colorado Rockies, Ilya Samsonov is pulled from the net.
18:35 of 3rd period - Slapshot by Nick Schmaltz.
18:35 of 3rd period - Stopped by Martin Jones with a rebound.
18:37 of 3rd period - Snap shot by Dylan Strome.
18:37 of 3rd period - Stopped by Martin Jones with a rebound.
18:39 of 3rd period - Slapshot by Quinn Hughes.
18:39 of 3rd period - Shot Blocked by Derek Forbort.
18:41 of 3rd period - Slapshot by Dylan Strome.
18:41 of 3rd period - Shot Misses the Net.
18:43 of 3rd period - Snap shot by Dylan Strome.
18:43 of 3rd period - Shot Misses the Net.
18:45 of 3rd period - Snap shot by Nick Schmaltz.
18:45 of 3rd period - Stopped by Martin Jones without a rebound.
18:46 of 3rd period - Bruce Cassidy call a timeout for Colorado Rockies.
18:46 of 3rd period - Adam Henrique wins face-off versus Tim Stutzle in San Jose Sharks zone.
18:55 of 3rd period - Nikita Zadorov is hit by Victor Hedman and loses puck.
Goals for this period are 2 for Colorado Rockies vs 1 for San Jose Sharks.
Shots for this period are 14 for Colorado Rockies vs 17 for San Jose Sharks.
Back to the Top